 Dungeon Crawl Stone Soup version 0.30.0-15-g856e2d3f33 (webtiles) character file.

Game seed: 11534494838827859382

195709 MacCMillion the Tortoise (level 17, -1/164 (166) HPs)
             Began as a Minotaur Fighter on May 17, 2023.
             Was the Champion of Wu Jian.
             Slain by a snapping turtle (12 damage)
             ... on level 3 of the Shoals on May 18, 2023.
             The game lasted 01:26:14 (34123 turns).

MacCMillion the Tortoise (Minotaur Fighter)        Turns: 34123, Time: 01:26:14

HP:   -1/164 (166)  AC: 23    Str: 31    XL:     17   Next: 72%
MP:   25/25         EV: 12    Int:  2    God:    Wu Jian [******]
Gold: 2378          SH: 32    Dex: 19    Spells: 16/16 levels left

rFire   + . .        c - +5 broad axe (vamp)
rCold   + . .        f - +18 shield of the Gong {Loud rN+ Will+ rCorr EV-5}
rNeg    + . .        Y - +4 chain mail {Will+}
rPois   +            (helmet restricted)
rElec   .            b - scarf {rC+ rF+}
rCorr   +            L - +0 pair of gloves
SInv    +            C - +1 pair of boots
Will    +++..        H - amulet of the acrobat Stlth
                     A - +6 ring of dexterity
HPRegen 0.47/turn    v - ring "Ramem" {rPois MP+9 Str+5 Int-3 SInv}
MPRegen 0.19/turn

%: acrobat
@: mighty, engulfed (cannot breathe), flying, mesmerised, lightly drained
A: horns 2, retaliatory headbutt
}: 1/15 runes: gossamer
a: Renounce Religion, Wall Jump, Serpent's Lash, Heavenly Storm


You were on level 3 of the Shoals.
You worshipped Wu Jian.
Wu Jian was exalted by your worship.
You visited 5 branches of the dungeon, and saw 29 of its levels.
You visited 1 bazaar.
You also visited: Ice Cave.

You collected 4736 gold pieces.
You spent 2358 gold pieces at shops.

Inventory:

Hand Weapons
 c - a +5 vampiric broad axe (weapon)
Armour
 b - a scarf of resistance (worn)
 f - the +18 shield of the Gong (worn) {Loud rN+ Will+ rCorr EV-5}
   (You bought it in a shop in a bazaar)

   Loud:      It is deafeningly noisy when blocking attacks.
   EV:        It affects your evasion (-5).
   rN:        It protects you from negative energy.
   rCorr:     It protects you from acid and corrosion.
   Will:      It increases your willpower.
 w - the +3 kite shield of Elokir {Str+4}
   (You found it on level 5 of the Dungeon)

   Str:       It affects your strength (+4).
 C - a +1 pair of boots (worn)
 L - a +0 pair of gloves (worn)
 Y - a +4 chain mail of willpower (worn)
Jewellery
 a - a +5 ring of evasion
 d - a ring of resist corrosion
 t - a ring of protection from fire
 v - the ring "Ramem" (right hand) {rPois MP+9 Str+5 Int-3 SInv}
   (You acquired it on level 2 of the Orcish Mines)

   [ring of poison resistance]

   Str:       It affects your strength (+5).
   Int:       It affects your intelligence (-3).
   rPois:     It protects you from poison.
   MP:        It affects your magic capacity (+9).
   SInv:      It lets you see invisible.
 A - a +6 ring of dexterity (left hand)
 H - an amulet of the acrobat (around neck)
 S - a ring of protection from cold
 U - a ring of fire
Wands
 e - a wand of paralysis (27)
 r - a wand of mindburst (11)
 z - a wand of roots (32)
 D - a wand of flame (22) (quivered)
 I - a wand of digging (1)
 O - a wand of polymorph (7)
Scrolls
 g - 4 scrolls of fear
 i - 6 scrolls of magic mapping
 k - 6 scrolls of fog
 l - a scroll of brand weapon
 n - 16 scrolls of teleportation
 o - 4 scrolls of enchant armour
 p - 8 scrolls of blinking
 G - a scroll of silence
 N - a scroll of butterflies
 P - 2 scrolls of vulnerability
 R - 7 scrolls of immolation
 T - 4 scrolls of poison
Potions
 h - 11 potions of ambrosia
 j - 15 potions of curing
 m - a potion of invisibility
 q - 9 potions of heal wounds
 s - 4 potions of haste
 u - a potion of resistance
 y - 2 potions of experience
 B - 5 potions of lignification
 E - 3 potions of cancellation
 F - 5 potions of flight
 J - a potion of berserk rage
 K - 2 potions of degeneration
 M - 3 potions of attraction
 Q - 3 potions of mutation
 V - 4 potions of might
Miscellaneous
 x - a lightning rod (4/4)
 W - a phial of floods
 X - a box of beasts
 Z - a tin of tremorstones (2/2)


   Skills:
 + Level 18.5 Fighting
 - Level 18.0 Axes
 + Level 18.5 Armour
 - Level 12.3 Dodging
 + Level 15.1 Shields
 + Level 10.4 Evocations


You had 16 spell levels left.
You didn't know any spells.
Your spell library contained the following spells:

 Spells                   Type           Power      Damage    Failure   Level
 Freeze                   Ice            0%         1d3       91%         1
 Magic Dart               Conj           0%         1d3       91%         1
 Slow                     Hex            0%         N/A       91%         1
 Blink                    Tloc           0%         N/A       97%         2
 Ensorcelled Hibernation  Hex/Ice        0%         N/A       97%         2
 Lesser Beckoning         Tloc           0%         N/A       97%         2
 Momentum Strike          Conj/Tloc      0%         3d8       97%         2
 Passwall                 Tmut/Erth      0%         N/A       97%         2
 Searing Ray              Conj           0%         2d4       97%         2
 Static Discharge         Conj/Air       0%         2-2/arc   97%         2
 Sublimation of Blood     Necr           0%         N/A       97%         2
 Confusing Touch          Hex            0%         N/A       99%         3
 Dazzling Flash           Conj/Hex       0%         N/A       99%         3
 Frozen Ramparts          Ice            0%         1d1       99%         3
 Hailstorm                Conj/Ice       0%         3d3       99%         3
 Ignite Poison            Fire/Tmut/Pois 0%         N/A       99%         3
 Swiftness                Air            0%         N/A       99%         3
 Tukima's Dance           Hex            0%         N/A       99%         3
 Vampiric Draining        Necr           0%         2d6       99%         3
 Volatile Blastmotes      Fire/Tloc      0%         2d10      99%         3
 Airstrike                Air            0%         2d(0-16)  100%        4
 Animate Armour           Summ/Erth      0%         N/A       100%        4
 Fulminant Prism          Conj/Hex       0%         3d5       100%        4
 Iskenderun's Mystic Bla  Conj/Tloc      0%         2d3       100%        4
 Passage of Golubria      Tloc           0%         N/A       100%        4
 Petrify                  Tmut/Erth      0%         N/A       100%        4
 Sticky Flame             Conj/Fire      0%         2d3       100%        4
 Summon Lightning Spire   Summ/Air       0%         N/A       100%        4
 Agony                    Necr           0%         N/A       100%        5
 Blade Hands              Tmut           0%         N/A       100%        5
 Irradiate                Conj/Tmut      0%         3d11      100%        5
 Lee's Rapid Deconstruct  Erth           0%         3d4*      100%        5
 Silence                  Hex/Air        0%         N/A       100%        5
 Yara's Violent Unravell  Hex/Tmut       0%         3d3       100%        5
 Iron Shot                Conj/Erth      0%         9d1       100%        6
 Simulacrum               Ice/Necr       0%         N/A       100%        6
 Starburst                Conj/Fire      0%         6d3       100%        6
 Ozocubu's Refrigeration  Ice            0%         4d7       100%        7
 Ignition                 Fire           0%         3d3       100%        8
 Polar Vortex             Ice            0%         N/A       100%        9


Dungeon Overview and Level Annotations

Branches:
Dungeon (15/15)            Temple (0/1) D:5            Lair (5/5) D:11
 Shoals (3/4) Lair:2       Spider (4/4) Lair:2        Slime (0/5) Lair:5
    Orc (2/2) D:9             Elf (0/3) Orc:2        Vaults (0/5) D:13
 Depths (0/4) D:15          IceCv (visited)

Altars:
Ashenzari
Cheibriados
Fedhas
Gozag
Makhleb
Okawaru
Ru
Sif Muna
Wu Jian
Xom
Yredelemnul
Jiyva

Shops:
D:1 ?   D:2 *   D:12 *   Orc:2 [:*(   Shoals:1 !   Shoals:2 [*

Annotations:
D:8 exclusions: lava snake, orange crystal statue and 1 more exclusion
D:9 1 runed translucent door, P0WERM0DE's ghost, novice MeEE
D:10 exclusion: obsidian statue
Lair:1 exclusion: oklob plant
Lair:5 1 runed translucent door, McKennaii's ghost, journeyman DgCj
Shoals:1 1 runed translucent door, Tang's ghost, adept TeAE
Spider:1 3 runed translucent doors, Sai's ghost, adept DsGl


Innate Abilities, Weirdness & Mutations

You have a pair of horns on your head.
You reflexively headbutt those who attack you in melee.


Message History

* * * LOW HITPOINT WARNING * * *
The merfolk avatar chants its luring song.
The merfolk hits you but does no damage.
The merfolk hits you from afar with a +0 trident.
* * * LOW HITPOINT WARNING * * *
The alligator snapping turtle closely misses you.
The water elemental is engulfed in a cloud of scalding steam.
The water elemental barely misses you. You furiously retaliate!
You headbutt the water elemental!
The snapping turtle bites you but does no damage.
You block the merfolk impaler's attack.
BOUMMMMG!
The merfolk misses you.
You cannot read scrolls while unable to breathe!
You feel much better.
* * * LOW HITPOINT WARNING * * *
Your lungs strain for air!
The merfolk aquamancer points at you and mumbles some strange words.
You block the torrent of water.
GONNNNG!
The wave splashes down.
You block the sea snake's attack.
GONNNNG!
You block the merfolk siren's attack.
PTOANNNG!
The water elemental barely misses you. You furiously retaliate!
You headbutt the water elemental! You block the water nymph's attack.
GONNNNG!
The merfolk barely misses you.
The satyr plays a frightful melody on his pipes!
The satyr radiates an aura of fear!
You resist with some effort.
The merfolk impaler hits you from afar with a +0 demon trident of draining!
* * * LOW HITPOINT WARNING * * *
You partially resist.
You feel drained.
The merfolk hits you from afar with a +0 glaive!
* * * LOW HITPOINT WARNING * * *
The merfolk impaler misses you.
The merfolk hits you from afar with a +0 trident.
* * * LOW HITPOINT WARNING * * *
The snapping turtle bites you from afar!
You die...

≈≈≈≈≈≈≈≈~~~.... .......
≈≈≈≈≈≈≈≈~~...# ..~...#
≈≈≈≈≈≈≈≈~~~..###..~~..#
≈≈≈≈≈≈≈~††~~..........#
≈≈≈≈≈≈~~†~~>.~........#
≈≈≈≈≈≈~))~~~~~........#
≈≈≈≈≈≈~~~~t~mm~~†~~....
~~≈≈≈≈≈m~mSm~m<~~~~....
~~~~~~~~~mm@Emc~~c~..#.
~~~~~~~~~mmE~m..~c~....
~~~~~~~~~~~~~t...~~....
....$~~~~~~~~.##.......
.......~~~~~~.. ..~....
..##.~~~~~~~.).~~~.. ..
.~~~~~~~.....m~~.
.~~~~~~~~~..~~~~..
.~~~~~. ~~~~...


You could see an alligator snapping turtle, 2 merfolk avatars, 2 merfolk
impalers, a satyr, a sea snake, a merfolk aquamancer, a snapping turtle, 5
merfolk, 2 fauns, 2 water elementals, a merfolk siren and a water nymph.

Vanquished Creatures
  Jorgrun (D:15)
  Gastronok (Lair:3)
  8 emperor scorpions
  7 ghost moths
  Louise (Spider:4)
  The ghost of Jaliuk the Eclecticist, a journeyman DECj of Vehumet (D:14)
  An orc warlord (Orc:2)
  A broodmother (Spider:2)
  Nessos (D:14)
  2 spark wasps
  Snorg (Lair:5)
  A yaktaur captain (D:13)
  Josephine (Lair:5)
  4 hydras
  6 entropy weavers
  2 merfolk avatars
  2 jorogumos
  2 catoblepae
  2 radroaches
  8 centaur warriors
  2 two-headed ogres
  2 boulder beetles
  A satyr (Shoals:2)
  2 tengu warriors (D:15)
  7 death yaks
  An orc high priest (Orc:2)
  4 skysharks
  3 sea snakes
  2 sun moths
  8 pharaoh ants
  A goliath frog (Lair:5)
  12 orb spiders
  3 skeletal warriors (D:14)
  Pikel (D:8)
  2 wizards (D:15)
  A deep elf pyromancer (D:9)
  7 orc knights
  6 steelbarb worms
  5 harpies (Shoals:1)
  17 wolf spiders
  A necromancer (D:15)
  12 ugly things
  5 cyclopes
  5 moths of wrath
  15 fauns (Shoals:2)
  7 manticores
  10 orc sorcerers
  5 merfolk sirens
  6 black mambas
  21 elephants
  3 ice statues (IceCv)
  6 torpor snails
  A gargoyle (D:9)
  A water nymph (Shoals:3)
  22 cane toads
  7 demonic crawlers
  An unseen horror (D:11)
  2 centaur skeletons (D:15)
  5 komodo dragons
  An efreet (D:13)
  A freezing wraith (IceCv)
  4 kobold demonologists
  3 rime drakes
  2 yaktaurs (D:13)
  3 merfolk
  An anaconda simulacrum (IceCv)
  5 trolls
  2 queen bees
  A hornet (shapeshifter) (D:15)
  5 wind drakes
  A polar bear (shapeshifter) (D:13)
  2 tyrant leeches (Lair:5)
  4 polar bears
  10 meliai
  26 tarantellas
  12 blink frogs
  5 snapping turtles
  A meliai zombie (D:15)
  12 culicivoras
  2 centaur simulacra (D:15)
  3 shadows (D:11)
  10 slime creatures
  24 jumping spiders
  3 water elementals (Shoals:3)
  2 wyverns
  8 wraiths
  44 yaks
  A dire elephant simulacrum (IceCv)
  5 basilisks
  65 redbacks
  7 vampire mosquitoes
  A fire elemental (D:9)
  3 death yak simulacra (IceCv)
  Menkaure (D:7)
  A steam dragon (D:9)
  2 wargs
  A harpy simulacrum (IceCv)
  Duvessa (D:6)
  25 water moccasins
  4 acid dragons
  A swamp drake (Lair:3)
  9 ice beasts
  A black bear (shapeshifter) (D:15)
  26 orc warriors
  9 ogres
  27 wolves
  8 centaurs
  2 phantoms
  4 lemures (D:8)
  7 kobold brigands
  2 scorpions
  15 bullfrogs
  A gnoll sergeant (D:6)
  2 cane toad simulacra (IceCv)
  A wyvern zombie (D:6)
  A water moccasin zombie (D:6)
  A hornet simulacrum (D:15)
  15 wights
  Dowan (D:6)
  34 killer bees
  An elephant simulacrum (IceCv)
  7 electric eels
  11 howler monkeys
  5 jellies (Lair:5)
  18 orc priests
  A bullfrog zombie (D:6)
  4 hounds
  A boggart zombie (D:15)
  2 iguanas (D:5)
  28 orc wizards
  2 hell rats (Lair:1)
  2 killer bee zombies (D:6)
  A howler monkey zombie (D:6)
  8 gnolls
  18 adders
  6 river rats (Lair:1)
  13 white imps
  3 dart slugs
  10 worms
  47 orcs
  4 ball pythons
  6 endoplasms
  2 giant cockroaches
  3 goblins
  5 hobgoblins
  6 jackals
  6 quokkas
  5 bats
  24 kobolds
  8 rats
1013 creatures vanquished.

Vanquished Creatures (others)
  A sea snake (Shoals:3)
  An adder (Lair:3)
2 creatures vanquished.

Grand Total: 1015 creatures vanquished

Notes
Turn   | Place    | Note
-------+----------+-------------------------------------------
     0 | D:1      | MacCMillion the Minotaur Fighter began the quest for the
                  | Orb.
     0 | D:1      | Reached XP level 1. HP: 19/19 MP: 0/0
     1 | D:1      | Noticed a demonspawn
     3 | D:1      | Noticed a human
     5 | D:1      | Noticed an ogre
     5 | D:1      | Noticed a troll
     7 | D:1      | Noticed a tengu
     7 | D:1      | Noticed a meteoran
     9 | D:1      | Noticed a gargoyle
     9 | D:1      | Noticed a spriggan
    11 | D:1      | Noticed a formicid
    11 | D:1      | Noticed a felid
    13 | D:1      | Noticed a draconian
    15 | D:1      | Noticed a naga
    17 | D:1      | Noticed a vine stalker
    17 | D:1      | Noticed an octopode
    19 | D:1      | Noticed a ghoul
    19 | D:1      | Noticed a demigod
    21 | D:1      | Noticed an armataur
    21 | D:1      | Noticed an elf
    23 | D:1      | Noticed a minotaur
    23 | D:1      | Noticed a merfolk
    25 | D:1      | Noticed a vampire
    25 | D:1      | Noticed an octopode
    27 | D:1      | Noticed a formicid
    27 | D:1      | Noticed a tengu
   195 | D:1      | Reached XP level 2. HP: 26/27 MP: 1/1
   826 | D:1      | Found Pagoisch's Magic Scroll Emporium.
   831 | D:1      | Bought a scroll of identify for 24 gold pieces
   846 | D:1      | Found a faded altar of an unknown god.
   941 | D:1      | Prayed at the altar of an unknown god.
   941 | D:1      | Became a worshipper of the Wu Jian Council
   941 | D:1      | Reached * piety under Wu Jian
   986 | D:2      | Found Geaggoz's Assorted Antiques.
  1103 | D:2      | Reached XP level 3. HP: 31/33 MP: 2/2
  1259 | D:2      | Found a snail-covered altar of Cheibriados.
  1893 | D:3      | Reached ** piety under Wu Jian
  1894 | D:3      | Reached XP level 4. HP: 40/40 MP: 3/3
  2557 | D:3      | Found a shimmering blue altar of Sif Muna.
  2564 | D:3      | Reached XP level 5. HP: 47/47 MP: 4/4
  2667 | D:4      | Found an ornate altar of the Wu Jian Council.
  2953 | D:4      | Upgraded the game from 0.30.0-12-gd5a94ecb5d to
                  | 0.30.0-15-g856e2d3f33
  2958 | D:4      | Reached skill level 5 in Shields
  3139 | D:4      | Reached skill level 5 in Armour
  3162 | D:4      | Reached skill level 5 in Fighting
  3556 | D:5      | Entered Level 5 of the Dungeon
  3624 | D:5      | Noticed a phantom
  3635 | D:5      | Killed a phantom
  3636 | D:5      | Reached XP level 6. HP: 52/56 MP: 5/5
  3702 | D:5      | You fall into a shaft and drop 1 floor!
  3763 | D:6      | Noticed an acid dragon
  3779 | D:6      | Killed an acid dragon
  3780 | D:6      | Reached skill level 5 in Axes
  4160 | D:6      | Reached XP level 7. HP: 58/62 MP: 6/6
  4441 | D:6      | Noticed Duvessa
  4442 | D:6      | Noticed Dowan
  4451 | D:6      | Killed Duvessa
  4455 | D:6      | Killed Dowan
  4629 | D:5      | Reached *** piety under Wu Jian
  4695 | D:5      | Identified the +3 kite shield of Elokir {Str+4}
  4860 | D:5      | Found a staircase to the Ecumenical Temple.
  4976 | D:5      | Reached XP level 8. HP: 54/71 MP: 7/7
  5455 | D:6      | Found a sacrificial altar of Ru.
  5501 | D:6      | Found a basalt altar of Yredelemnul.
  6399 | D:7      | Found a burning altar of Makhleb.
  6445 | D:7      | Reached XP level 9. HP: 73/78 MP: 8/8
  6722 | D:7      | Reached skill level 10 in Axes
  6817 | D:7      | Found an opulent altar of Gozag.
  6821 | D:7      | Found an iron altar of Okawaru.
  6822 | D:7      | Noticed Menkaure
  6833 | D:7      | Killed Menkaure
  7116 | D:7      | Found a blossoming altar of Fedhas.
  7176 | D:6      | Reached skill level 10 in Shields
  7181 | D:6      | Reached **** piety under Wu Jian
  8012 | D:8      | Noticed an orange crystal statue
  8247 | D:8      | Reached XP level 10. HP: 83/86 MP: 9/9
  8248 | D:8      | Noticed Pikel
  8275 | D:8      | Killed Pikel
  8775 | D:9      | Found a runed translucent door.
  9569 | D:9      | Noticed a deep elf pyromancer
  9575 | D:9      | Killed a deep elf pyromancer
  9679 | D:9      | Noticed a gargoyle
  9684 | D:9      | Killed a gargoyle
 10130 | D:9      | Found a staircase to the Orcish Mines.
 10211 | D:9      | Noticed P0WERM0DE's ghost (novice MeEE)
 10227 | D:10     | Entered Level 10 of the Dungeon
 10239 | D:10     | Noticed an obsidian statue
 10334 | D:10     | Reached XP level 11. HP: 80/95 MP: 10/10
 10414 | D:10     | Noticed a two-headed ogre
 10423 | D:10     | Killed a two-headed ogre
 10504 | D:10     | Noticed a boulder beetle
 10504 | D:10     | Noticed a tengu warrior
 11194 | D:11     | Found a staircase to the Lair.
 11199 | D:11     | Reached ***** piety under Wu Jian
 11427 | D:11     | Noticed a boulder beetle
 11453 | D:11     | Killed a boulder beetle
 11510 | D:11     | Reached skill level 10 in Fighting
 11510 | D:11     | Reached skill level 10 in Armour
 11539 | D:11     | Noticed a two-headed ogre
 11544 | D:11     | Killed a two-headed ogre
 12068 | Lair:1   | Entered Level 1 of the Lair of Beasts
 12128 | D:12     | Noticed a sixfirhy
 12129 | D:12     | Reached skill level 15 in Axes
 12171 | D:12     | Noticed a cyan ugly thing
 12193 | D:12     | Killed a cyan ugly thing
 12194 | D:12     | Reached XP level 12. HP: 77/106 MP: 11/11
 12966 | D:12     | Found Ysionk's Assorted Antiques.
 13343 | D:13     | Noticed a centaur warrior
 13352 | D:13     | Killed a centaur warrior
 13657 | D:13     | Noticed a yaktaur captain
 13679 | D:13     | Killed a yaktaur captain
 13680 | D:13     | Reached skill level 15 in Shields
 13791 | D:13     | Found a gate to the Vaults.
 14278 | Lair:1   | Noticed a catoblepas
 14292 | Lair:1   | Killed a catoblepas
 15286 | Lair:1   | Reached XP level 13. HP: 109/116 MP: 12/12
 16481 | Lair:1   | Reached skill level 1 in Dodging
 16759 | Lair:2   | Identified the +3 ring mail of Fortification {Contam rPois
                  | Will+ Int+2}
 16784 | Lair:2   | Found a staircase to the Shoals.
 16804 | Lair:2   | Found a hole to the Spider Nest.
 18036 | Lair:3   | Reached skill level 5 in Dodging
 18095 | Lair:3   | Reached ****** piety under Wu Jian
 18787 | Lair:3   | Noticed Gastronok
 18805 | Lair:3   | Killed Gastronok
 18806 | Lair:3   | Reached skill level 1 in Evocations
 18806 | Lair:3   | Reached XP level 14. HP: 129/130 MP: 13/13
 19679 | Lair:4   | Found a frozen archway.
 19724 | IceCv    | Entered an ice cave
 20739 | Lair:5   | Entered Level 5 of the Lair of Beasts
 20739 | Lair:5   | Found a staircase to the Slime Pits.
 20739 | Lair:5   | Found a viscous altar of Jiyva.
 20823 | Lair:5   | Noticed Josephine
 20835 | Lair:5   | Killed Josephine
 21433 | Lair:5   | Noticed Snorg
 21437 | Lair:5   | Killed Snorg
 21538 | Lair:5   | Found a runed translucent door.
 21543 | Lair:5   | Noticed McKennaii's ghost (journeyman DgCj)
 21590 | Lair:5   | Identified the +1 morningstar of Wu Jian's Castigation
                  | {heavy, rC+ Int+3}
 21931 | Lair:5   | Found a staircase to the Slime Pits.
 21932 | Lair:5   | Found a viscous altar of Jiyva.
 22548 | Orc:1    | Entered Level 1 of the Orcish Mines
 22555 | Orc:1    | Reached XP level 15. HP: 130/139 MP: 14/14
 22876 | Orc:2    | Entered Level 2 of the Orcish Mines
 22884 | Orc:2    | Found Gearr's Antique Armour Shoppe.
 22908 | Orc:2    | Found a staircase to the Elven Halls.
 22916 | Orc:2    | Found Geyl's Antique Weapon Shoppe.
 22932 | Orc:2    | Found Lytokh's General Store.
 22959 | Orc:2    | Reached skill level 15 in Armour
 22961 | Orc:2    | Found Likecom's Book Shop.
 23593 | Orc:1    | Reached skill level 5 in Evocations
 23761 | Orc:1    | Paralysed by an orc sorcerer for 2 turns
 23770 | Orc:1    | Reached skill level 15 in Fighting
 23930 | Orc:2    | Bought a pair of steaming gloves for 180 gold pieces
 23930 | Orc:2    | Identified the +0 pair of gloves of the Equator {Int+2}
                  | (You bought it in a shop on level 2 of the Orcish Mines)
 23930 | Orc:2    | Bought a scorched scarf for 190 gold pieces
 23930 | Orc:2    | Identified the scarf of the Plum {shadows, *Corrode rPois
                  | MP+9 Dex+3} (You bought it in a shop on level 2 of the
                  | Orcish Mines)
 23930 | Orc:2    | Bought a bloodstained chain mail for 180 gold pieces
 23930 | Orc:2    | Identified the +0 chain mail of Recklessness {Will+} (You
                  | bought it in a shop on level 2 of the Orcish Mines)
 23934 | Orc:2    | Bought a glowing chain mail for 142 gold pieces
 24206 | D:14     | Noticed Nessos
 24213 | D:14     | Killed Nessos
 24517 | D:14     | Found a basalt altar of Yredelemnul.
 24563 | D:14     | Found a runed translucent door.
 24563 | D:14     | Noticed Jaliuk's ghost (journeyman DECj)
 25414 | D:14     | Killed Jaliuk's ghost
 25488 | D:15     | Entered Level 15 of the Dungeon
 26030 | D:15     | Noticed Jorgrun
 26040 | D:15     | Killed Jorgrun
 26205 | D:15     | Found a broken altar of Ashenzari.
 26416 | D:15     | Reached skill level 10 in Dodging
 26455 | D:15     | Found a staircase to the Depths.
 26774 | Orc:2    | Identified 2 scrolls of acquirement
 26776 | Orc:2    | Acquired the ring "Ramem" {rPois MP+9 Str+5 Int-3 SInv}
 26964 | D:12     | Bought a scroll labelled UHODUAK HUJISCH for 32 gold pieces
 26964 | D:12     | Bought a fizzy sapphire potion for 28 gold pieces
 26964 | D:12     | Bought a scroll labelled ALIATH DOQO for 32 gold pieces
 27189 | Spider:1 | Entered Level 1 of the Spider Nest
 28016 | Spider:1 | Reached XP level 16. HP: 151/151 MP: 15/15
 28799 | Spider:1 | Found a runed translucent gate.
 29178 | Spider:1 | Found a runed translucent gate.
 29178 | Spider:1 | Found a runed translucent gate.
 29182 | Spider:1 | Noticed Sai's ghost (adept DsGl)
 29717 | Spider:2 | Acquired a +4 chain mail of willpower
 31336 | Spider:4 | Entered Level 4 of the Spider Nest
 31336 | Spider:4 | Noticed Louise
 31520 | Spider:4 | Killed Louise
 31538 | Spider:4 | Reached XP level 17. HP: 162/162 MP: 16/16
 32213 | Spider:4 | Identified the +8 trident of Incongruity {vamp, rF+ Int+2
                  | Dex+3}
 32445 | Spider:4 | Acquired 872 gold pieces
 32460 | Spider:4 | Got a gossamer rune of Zot
 32889 | Shoals:1 | Entered Level 1 of the Shoals
 32889 | Shoals:1 | Found Xusel's Distillery.
 32900 | Shoals:1 | Bought a potion of degeneration for 14 gold pieces
 32902 | Shoals:1 | Bought a potion of might for 56 gold pieces
 32902 | Shoals:1 | Bought a potion of flight for 42 gold pieces
 33034 | Shoals:1 | Found a runed translucent door.
 33035 | Shoals:1 | Found a shimmering altar of Xom.
 33035 | Shoals:1 | Noticed Tang's ghost (adept TeAE)
 33194 | Shoals:1 | Reached skill level 10 in Evocations
 33358 | Shoals:2 | Found Sienynn's General Store.
 33762 | Shoals:2 | Found Zeydwu's Antique Armour Shop.
 33937 | Shoals:2 | Found a flickering gateway to a bazaar.
 33956 | Bazaar   | Entered a bazaar
 33956 | Bazaar   | Found Mipsoics's Book Shoppe.
 33956 | Bazaar   | Found Cagruisu's Book Shoppe.
 33956 | Bazaar   | Found Nuduolo's Jewellery Shop.
 33958 | Bazaar   | Found Noloaly's Antique Armour Emporium.
 34016 | Bazaar   | Bought the +18 shield of the Gong {Loud rN+ Will+ rCorr
                  | EV-5} for 1438 gold pieces
 34016 | Bazaar   | Found the +18 shield of the Gong {Loud rN+ Will+ rCorr
                  | EV-5}
 34121 | Shoals:3 | HP: 8/166 [water nymph/the raging water (36)]
 34121 | Shoals:3 | HP: 2/166 [merfolk/+2 glaive of protection[a merfolk
                  | impaler] (6)]
 34123 | Shoals:3 | Slain by a snapping turtle

Illustrated notes

Levels and vault maps discovered:
D:1:      kb_arrival_jail, layout_basic, shapermc_ecumenical_altar_ellora,
          serial_shops, shop, minmay_misc_feat_chi, minmay_unequal
D:2:      layout_basic, serial_shops, shop, basic_altar, st_stairs_4,
          chequers_serial_rivers_micro_e
D:3:      layout_loops_corners, kennysheep_orc_sif_temple
D:4:      layout_cave_pods, mainiacjoe_overflow_tiny_flanked, serial_glass,
          glass_columns_b, glass_columns_c, item_on_display_a,
          item_on_display_a, kennysheep_generic_room_7
D:5:      nicolae_cairo_tiling, layout_cave_pods
D:6:      layout_loops_ring, nicolae_ru_path_of_blood,
          nicolae_yredelemnul_corpse_copse, water_boxes_lemuel, uniq_duvessa
D:7:      minmay_evil_eye, layout_rooms, bloody_makhleb,
          minmay_overflow_temple_star_quad, uniq_menkaure
D:8:      layout_cave_pools, disabler_island, uniq_pikel
D:9:      layout_loops_cross, david_orc_4, ebering_ghost_reflecting_pool,
          dilly_guarded_unrand_elemental_staff
D:10:     layout_basic, minivault_16, lightli_corner_chamber
D:11:     layout_gridville, hellmonk_lair_entry_icy
D:12:     layout_rooms, serial_shops, shop
D:13:     layout_basic, david_vaults_2
D:14:     layout_basic, gammafunk_ghost_grave, basic_altar, uniq_nessos
D:15:     grunt_enter_depths_magical_seal, layout_cross,
          nicolae_ashenzari_panopticon, uniq_jorgrun
Lair:1:   minmay_lair_oklob_tunnel, layout_concentric_octagons,
          kennysheep_abandoned_house
Lair:2:   minmay_guarded_unrand_snakebite, layout_cave_pods,
          minmay_shoals_entry_beasts, dummy_spider_entry, special_room
          [special_room_bee]
Lair:3:   lemuel_reptile_caves, layout_cave_pods, minmay_shattered_shrine,
          infiniplex_staircase_pool, uniq_gastronok
Lair:4:   layout_cave_pods, portal_ice_cave_entry_imps, serial_bayou,
          serial_bayou_ford_a, serial_bayou_lagoon_a, serial_bayou_shore_b,
          serial_bayou_lake_a, minmay_stone_trees_medium,
          nicolae_lair_grove_arrangements
Lair:5:   minmay_lair_end_frog_pond, layout_cave_shapes,
          nicolae_slime_entry_field_trip, ebering_ghost_reflecting_pool,
          uniq_josephine, uniq_snorg
Shoals:1: layout_shoals, serial_shops, shop, ebering_ghost_xom
Shoals:2: layout_shoals, serial_shops, bzr_entry_road, shop,
          nicolae_take_the_stairs
Shoals:3: layout_shoals, serial_shops, shop, shop, shop, shop, shop
Spider:1: nicolae_spider_hilbert_zone_1 [nicolae_spider_hilbert_4_sides_1_open,
          nicolae_spider_hilbert_4_sides_1_open,
          nicolae_spider_hilbert_4_sides_1_open,
          nicolae_spider_hilbert_4_sides_1_open,
          nicolae_spider_hilbert_3_sides_1_open,
          nicolae_spider_hilbert_3_sides_1_open,
          nicolae_spider_hilbert_3_sides_1_open,
          nicolae_spider_hilbert_3_sides_1_open,
          nicolae_spider_hilbert_3_sides_1_open,
          nicolae_spider_hilbert_6_sides_1_open,
          nicolae_spider_hilbert_6_sides_1_open,
          nicolae_spider_hilbert_3_sides_1_open,
          nicolae_spider_hilbert_3_sides_1_open,
          nicolae_spider_hilbert_3_sides_1_open,
          nicolae_spider_hilbert_3_sides_1_open,
          nicolae_spider_hilbert_2_sides_1_open], gammafunk_ghost_tricky_traps,
          nicolae_spider_bug_shape
Spider:2: layout_spider_delve
Spider:3: layout_spider_delve, hive_lemuel
Spider:4: grunt_spider_rune_circles, hangedman_spider_tarantella_strand,
          uniq_louise
Orc:1:    layout_diamond_mine, basic_altar, mines4_lemuel
Orc:2:    grunt_orc_gardens, layout_caves, grunt_orc_garden, grunt_orc_garden,
          grunt_orc_garden, grunt_orc_garden, mines1_david

Skill      XL: |  1  2  3  4  5  6  7  8  9 10 11 12 13 14 15 16 17 |
---------------+----------------------------------------------------+-----
Shields        | 4 5 6 8 10 11 12 15 | 15.1
Fighting       | 4 5 6 7 8 10 11 13 14 16 17 18 | 18.5
Armour         | 4 5 6 7 8 10 11 13 14 16 17 18 | 18.5
Axes           | 3 4 5 6 9 11 12 15 16 18 | 18.0
Dodging        | 6 8 10 11 12 | 12.3
Evocations     | 1 4 6 9 10 | 10.4

Action                     |  1- 3 |  4- 6 |  7- 9 | 10-12 | 13-15 | 16-18 || total
---------------------------+-------+-------+-------+-------+-------+-------++-------
  Melee: War axe           |    69 |   108 |   255 |   617 |   598 |       ||  1647
         Headbutt          |    14 |    11 |    56 |   168 |   312 |   203 ||   764
         Spear             |       |       |       |       |    28 |       ||    28
         Broad axe         |       |       |       |       |   621 |   795 ||  1416
 Invoke: Serpent's Lash    |       |       |       |     3 |     3 |     2 ||     8
         Heavenly Storm    |       |       |       |       |     1 |     4 ||     5
Ability: Lunge             |     5 |    19 |    35 |    40 |    88 |    77 ||   264
         Whirlwind         |       |       |    10 |    24 |    92 |   182 ||   308
         Wall Jump         |       |       |       |       |       |     1 ||     1
  Evoke: Wand              |       |       |       |       |     5 |    20 ||    25
         Lightning rod     |       |       |       |       |     4 |       ||     4
         Phial of floods   |       |       |       |       |     1 |       ||     1
         Tin of tremorston |       |       |       |       |       |     1 ||     1
    Use: Scroll            |     2 |     2 |       |     6 |    20 |     9 ||    39
         Potion            |       |       |     1 |       |     2 |    13 ||    16
 Armour: Scale mail        |     8 |       |       |       |       |       ||     8
         Plate armour      |    23 |    62 |   105 |   195 |   281 |    65 ||   731
         Chain mail        |       |       |       |       |       |   203 ||   203
  Dodge: Dodged            |    21 |    32 |    57 |   142 |   444 |   382 ||  1078
  Block: Buckler           |    13 |    17 |    42 |       |       |       ||    72
         Kite shield       |       |       |    40 |   410 |   722 |   651 ||  1823
